 Dungeon Crawl Stone Soup version 0.21.1-1-g345015f (webtiles) character file.

10657 kaesh the Blocker (level 11, -1/83 HPs)
             Began as a Formicid Fighter on Mar 19, 2018.
             Was a High Priest of Cheibriados.
             Slain by a catoblepas (6 damage)
             ... on level 3 of the Lair of Beasts.
             The game lasted 00:30:25 (11319 turns).

kaesh the Blocker (Formicid Fighter)               Turns: 11319, Time: 00:30:26

Health: -1/83      AC: 17    Str: 35    XL:     11   Next: 97%
Magic:  17/17      EV:  2    Int: 23    God:    Cheibriados [*****.]
Gold:   522        SH:  0    Dex: 27    Spells: 10/10 levels left

rFire    . . .     SeeInvis +   j - +5 hand axe
rCold    + . .     Gourm    .   c - +1 shield
rNeg     + + +     Faith    +   E - +1 chain mail of Leaves {rC+ MR+ Dex+4}
rPois    ∞         Spirit   .   (helmet unavailable)
rElec    .         Reflect  .   (no cloak)
rCorr    .         Harm     .   (no gloves)
MR       ++...     Clarity  +   h - +2 pair of boots
Stlth    ..........             u - amulet of faith
HPRegen  0.23/turn              t - +4 ring of intelligence
MPRegen  0.15/turn              k - +3 ring of evasion

@: petrified, very slow
A: permanent stasis, dig shafts and tunnels, four strong arms, antennae 3,
iridescent scales 1, agile 1, clarity, poison resistance
a: Dig, Shaft Self, Bend Time, Temporal Distortion, Slouch, Step From Time,
Renounce Religion


You were on level 3 of the Lair of Beasts.
You worshipped Cheibriados.
Cheibriados was extremely pleased with you.
You were not hungry.

You visited 2 branches of the dungeon, and saw 12 of its levels.

You collected 522 gold pieces.

Inventory:

Hand Weapons
 a - a +1 war axe
 j - a +5 hand axe (weapon)
 l - a +1 dire flail of crushing
 r - the +7 dagger of Cocytus {flame, Stlth+}
   (You took it off an orc priest on level 8 of the Dungeon)

   It has been specially enchanted to burn those struck by it, causing extra
   injury to most foes and up to half again as much damage against particularly
   susceptible opponents.
   It makes you more stealthy.
Armour
 c - a +1 shield (worn)
 h - a +2 pair of boots (worn)
 E - the +1 chain mail of Leaves (worn) {rC+ MR+ Dex+4}
   (You found it on level 2 of the Lair of Beasts)

   It affects your dexterity (+4).
   It protects you from cold.
   It affects your resistance to hostile enchantments.
Jewellery
 k - a +3 ring of evasion (right hand)
 p - an uncursed amulet of the gourmand
 t - a +4 ring of intelligence (left hand)
 u - an amulet of faith (around neck)
Wands
 d - a wand of random effects (19)
 m - a wand of flame (19)
 y - a wand of disintegration (7)
 A - a wand of digging (12)
 D - a wand of paralysis (16)
Scrolls
 b - 3 scrolls of silence
 g - 6 scrolls of remove curse
 i - 8 scrolls of identify
 o - a scroll of fear
 w - 4 scrolls of enchant weapon
 x - 4 scrolls of magic mapping
Potions
 e - 2 potions of heal wounds
 q - a potion of brilliance
 s - a potion of might
 z - a potion of magic
 B - a potion of curing
Books
 C - a book of Minor Magic

   Spells                             Type                      Level
   a - Magic Dart                     Conjuration                  1
   b - Blink                          Translocation                2
   c - Call Imp                       Summoning                    2
   d - Slow                           Hexes                        2
   e - Conjure Flame                  Conjuration/Fire             3
   f - Mephitic Cloud                 Conjuration/Poison/Air       3
Comestibles
 f - 14 rations


   Skills:
 + Level 6.9 Fighting
 + Level 10.2 Axes
 + Level 8.4 Armour
 + Level 3.4 Dodging
 + Level 1.6 Stealth
 + Level 10.7 Shields
 * Level 9.0 Invocations


You had 10 spell levels left.
You didn't know any spells.

Dungeon Overview and Level Annotations

Branches:
Dungeon (9/15)             Temple (0/1) D:5            Lair (3/6) D:9
  Swamp: Lair:2-4    Shoals: Lair:2-4     Snake: Lair:2-4    Spider: Lair:2-4
    Orc: D:9-12

Altars:
Cheibriados
Dithmenos
Elyvilon
Fedhas
Kikubaaqudgha
Makhleb
Nemelex Xobeh
Sif Muna
Uskayaw
Vehumet
Xom
Zin
The Shining One


Innate Abilities, Weirdness & Mutations

You cannot be hasted, slowed, berserked, paralysed or teleported.
You can dig through walls and to a lower floor.
Your four strong arms can wield two-handed weapons with a shield.
You have a pair of large antennae on your head. (SInv)
You are partially covered in iridescent scales. (AC +2)
You are agile. (Dex +2)
You possess an exceptional clarity of mind.
Your system is resistant to poisons. (rPois)


Message History

* * * LOW HITPOINT WARNING * * *
Your limbs are stiffening.
You slash the catoblepas!
The catoblepas is heavily wounded.
You are engulfed in calcifying dust.
Your limbs have turned to stone.
The catoblepas gores you but does no damage.
You have turned to stone.
You are engulfed in calcifying dust.
The catoblepas gores you but does no damage.
You are engulfed in calcifying dust.
The catoblepas gores you!
* * * LOW HITPOINT WARNING * * *
The catoblepas gores you!
* * * LOW HITPOINT WARNING * * *
The catoblepas breathes a plume of calcifying dust at you.
The blast of calcifying dust hits you!
* * * LOW HITPOINT WARNING * * *
You are engulfed in calcifying dust.
The catoblepas gores you but does no damage.
You are engulfed in calcifying dust.
The catoblepas gores you!
You die...

....PP%..#
#...%....
#..%....
##......#### .
.........#.##..
#P...........
#.P>.......#
#.§§@Y# #.##.
####.## ##....
#...## .#....
#....# ##.....
##...## #......
#P...##
##..8...
#....^## .
#...†...
#......# ..
#.......
##....## .>.
+.8.<.8.


You could see a catoblepas.

Vanquished Creatures
  The ghost of troglodite the Protected, a journeyman DsBe of Trog (Lair:1)
  A hydra (Lair:2)
  2 two-headed ogres
  Erica (D:9)
  A spiny frog (Lair:3)
  3 trolls (D:9)
  Prince Ribbit (D:6)
  Grinder (D:4)
  2 hippogriffs
  2 wyverns
  10 yaks
  Edmund (D:5)
  2 water moccasins
  A porcupine (Lair:1)
  An orc warrior (D:7)
  An ice beast (D:6)
  4 ogres
  2 necrophages
  A phantom (D:8)
  11 wolves
  2 crocodiles
  2 centaurs
  3 bullfrogs
  A big kobold (D:8)
  3 scorpions
  5 wights (D:8)
  An electric eel (Lair:1)
  A howler monkey (D:9)
  2 crimson imps
  A centaur zombie (D:8)
  A quasit (D:7)
  A bullfrog zombie (D:8)
  4 hounds
  2 orc priests (D:8)
  4 iguanas
  An orc wizard (D:5)
  2 worker ants
  A hound zombie (D:8)
  Robin (D:2)
  A worker ant zombie (D:5)
  8 adders
  A shadow imp (D:9)
  An ooze (D:1)
  An adder skeleton (D:5)
  A worm (D:1)
  A dart slug (D:4)
  5 leopard geckos
  9 orcs
  2 ball pythons
  6 bats
  2 giant cockroaches
  16 goblins
  10 hobgoblins
  12 jackals
  3 quokkas
  4 frilled lizards
  A jackal zombie (D:9)
  10 kobolds
  2 leopard gecko skeletons
  2 quokka skeletons
  6 rats
  A fungus (D:9)
192 creatures vanquished.

Vanquished Creatures (others)
  A quasit (D:9)
  2 fungi (D:9)
  A plant (D:9)
4 creatures vanquished.

Grand Total: 196 creatures vanquished

Notes
Turn   | Place    | Note
-------+----------+-------------------------------------------
     0 | D:1      | kaesh the Formicid Fighter began the quest for the Orb.
     0 | D:1      | Reached XP level 1. HP: 18/18 MP: 1/1
   134 | D:1      | Reached XP level 2. HP: 24/24 MP: 2/2
   277 | D:1      | Reached XP level 3. HP: 29/29 MP: 3/3
   669 | D:2      | Noticed Robin
   691 | D:2      | Killed Robin
   691 | D:2      | Reached XP level 4. HP: 6/36 MP: 4/4
  1345 | D:2      | Found a sparkling altar of Nemelex Xobeh.
  1347 | D:2      | Found a white marble altar of Elyvilon.
  1477 | D:2      | Found a snail-covered altar of Cheibriados.
  1494 | D:2      | Became a worshipper of Cheibriados the Contemplative
  1657 | D:2      | Reached XP level 5. HP: 34/41 MP: 5/5
  2072 | D:3      | You fall through a shaft for 2 floors!
  2072 | D:5      | Entered Level 5 of the Dungeon
  2145 | D:4      | Reached XP level 6. HP: 42/48 MP: 6/6
  2332 | D:4      | Noticed Grinder
  2342 | D:4      | Killed Grinder
  2342 | D:4      | Reached skill level 1 in Dodging
  2342 | D:4      | Reached skill level 5 in Shields
  2342 | D:4      | Reached XP level 7. HP: 12/54 MP: 7/7
  2654 | D:3      | Gained mutation: Your system is resistant to poisons. (rPois) [potion of mutation]
  2654 | D:3      | Gained mutation: You possess an exceptional clarity of mind. [potion of mutation]
  2654 | D:3      | Gained mutation: You are partially covered in iridescent scales. (AC +2) [potion of mutation]
  2654 | D:3      | Gained mutation: You are agile. (Dex +2) [potion of mutation]
  2720 | D:3      | Reached * piety under Cheibriados
  2798 | D:3      | Found a blossoming altar of Fedhas.
  3086 | D:4      | You fall through a shaft for 2 floors!
  3111 | D:6      | Reached skill level 5 in Axes
  3810 | D:5      | Reached skill level 1 in Invocations
  3835 | D:5      | Noticed Edmund
  3851 | D:5      | Killed Edmund
  3851 | D:5      | Reached XP level 8. HP: 54/60 MP: 9/9
  3988 | D:5      | Found a staircase to the Ecumenical Temple.
  4135 | D:5      | Reached skill level 5 in Armour
  4257 | D:5      | Found a shadowy altar of Dithmenos.
  4459 | D:6      | Noticed Prince Ribbit
  4476 | D:6      | Killed Prince Ribbit
  4476 | D:6      | Reached skill level 1 in Stealth
  4656 | D:6      | Reached ** piety under Cheibriados
  5422 | D:7      | Reached XP level 9. HP: 67/67 MP: 10/12
  5971 | D:8      | Reached skill level 5 in Fighting
  6339 | D:8      | Reached skill level 5 in Invocations
  6370 | D:8      | Noticed a hippogriff
  6388 | D:8      | Killed a hippogriff
  6605 | D:8      | Reached *** piety under Cheibriados
  6631 | D:8      | Noticed a two-headed ogre
  6645 | D:8      | Killed a two-headed ogre
  6645 | D:8      | Reached XP level 10. HP: 47/76 MP: 14/14
  7007 | D:8      | Got a brightly glowing dagger {flame}
  7008 | D:8      | Identified the +7 dagger of Cocytus {flame, Stlth+} (You took it off an orc priest on level 8 of the Dungeon)
  7377 | D:9      | Found a burning altar of Makhleb.
  7377 | D:9      | Noticed a balrug
  7378 | D:9      | Found a glowing silver altar of Zin.
  7378 | D:9      | Noticed an angel
  7490 | D:9      | Found a staircase to the Lair.
  7551 | D:9      | Found a hide-covered altar of Uskayaw.
  7834 | D:9      | Noticed Erica
  7855 | D:9      | Killed Erica
  7855 | D:9      | Reached XP level 11. HP: 63/81 MP: 16/16
  8319 | D:9      | Found a deep blue altar of Sif Muna.
  8320 | D:9      | Found a blossoming altar of Fedhas.
  8320 | D:9      | Found a shimmering altar of Xom.
  8320 | D:9      | Found an ancient bone altar of Kikubaaqudgha.
  8320 | D:9      | Noticed a two-headed ogre
  8330 | D:9      | Killed a two-headed ogre
  8594 | D:9      | Found a glowing golden altar of the Shining One.
  8596 | D:9      | Found a radiant altar of Vehumet.
  8699 | Lair:1   | Entered Level 1 of the Lair of Beasts
  8784 | Lair:1   | Reached **** piety under Cheibriados
  8798 | Lair:1   | Reached skill level 10 in Shields
  9032 | Lair:1   | Noticed troglodite's ghost (journeyman DsBe)
  9065 | Lair:1   | Killed troglodite's ghost
  9065 | Lair:1   | Reached skill level 10 in Axes
 10258 | Lair:2   | Got a dazzling chain mail
 10269 | Lair:2   | Identified the +1 chain mail of Leaves {rC+ MR+ Dex+4} (You found it on level 2 of the Lair of Beasts)
 10888 | Lair:3   | Noticed a six-headed hydra
 10899 | Lair:2   | Killed a six-headed hydra
 11061 | Lair:3   | Reached ***** piety under Cheibriados
 11282 | Lair:3   | Noticed a catoblepas
 11317 | Lair:3   | HP: 4/83 [catoblepas/blast of calcifying dust (3)]
 11319 | Lair:3   | Slain by a catoblepas

Skill      XL: |  1  2  3  4  5  6  7  8  9 10 11 |
---------------+----------------------------------+-----
Shields        | 4 5 6 8 9 10 | 10.7
Axes           | 3 4 5 6 8 9 10 | 10.2
Armour         | 4 5 6 8 |  8.4
Fighting       | 4 5 6 |  6.9
Dodging        | 1 2 3 |  3.4
Invocations    | 1 4 6 7 9 |  9.0
Stealth        | 1 |  1.6

Action                   |  1- 3 |  4- 6 |  7- 9 | 10-12 || total
-------------------------+-------+-------+-------+-------++-------
Melee: War axe           |    85 |   139 |   256 |       ||   480
       Hand axe          |       |       |    59 |   391 ||   450
       Dire flail        |       |       |       |     8 ||     8
Invok: Bend Time         |       |       |       |     2 ||     2
 Abil: Shaft Self        |       |       |     1 |       ||     1
  Use: Potion            |     1 |       |     9 |     4 ||    14
       Scroll            |       |       |    14 |     1 ||    15
  Eat: Chunk             |       |     4 |    14 |     2 ||    20
       Ration            |       |       |     1 |       ||     1
Armor: Scale mail        |    43 |    51 |    38 |       ||   132
       Chain mail        |       |       |    72 |    75 ||   147
Dodge: Dodged            |    38 |    42 |   146 |   143 ||   369
Block: Shield            |    46 |    88 |   237 |   286 ||   657
